 Dungeon Crawl Stone Soup version 0.22-a0-402-ga933591 (webtiles) character file.

304472 GameOver the Protected (level 21, -8/190 HPs)
             Began as a Naga Wizard on May 5, 2018.
             Was the Champion of Cheibriados.
             Mangled by an Ice Fiend (10 damage)
             ... summoned by a deep elf demonologist
             ... led by an ironheart preserver
             ... on level 4 of the Vaults on May 6, 2018.
             The game lasted 04:45:42 (37256 turns).

GameOver the Protected (Naga Wizard)               Turns: 37256, Time: 04:45:42

Health: -8/190     AC: 41    Str: 25    XL:     21   Next: 11%
Magic:  14/33      EV:  9    Int: 43    God:    Cheibriados [******]
Gold:   1192       SH:  0    Dex: 27    Spells: 25/36 levels left

rFire    + . .     SeeInvis +   w - +5 eveningstar (holy)
rCold    + + .     Gourm    +   (no shield)
rNeg     . . .     Faith    .   J - +10 storm dragon scales {Bai Suzhen}
rPois    +         Spirit   .   p - +0 helmet
rElec    +         Reflect  .   Y - scarf {cloud immunity}
rCorr    .         Harm     .   l - +2 pair of gloves
MR       ++...                  b - +1 naga barding {Stlth+}
Stlth    +++.......             W - amulet of the gourmand
HPRegen  0.41/turn              c - ring of protection from fire
MPRegen  0.23/turn              M - ring of protection from cold

@: marked, very slightly contaminated, invisible, very slow
A: large, see invisible, agile 1, cold resistance 1, deformed body, poison
resistance, slowness 2, slow metabolism 1, spit poison 1, constrict 1, AC +7
}: 2/15 runes: decaying, gossamer
a: Spit Poison, Bend Time, Temporal Distortion, Slouch, Step From Time, Renounce
Religion


You were on level 4 of the Vaults.
You worshipped Cheibriados.
Cheibriados was exalted by your worship.
You were very full.

You visited 7 branches of the dungeon, and saw 36 of its levels.
You also visited: Labyrinth and Volcano.

You collected 3715 gold pieces.
You spent 2523 gold pieces at shops.

Inventory:

Hand Weapons
 q - a +8 longbow of flaming
 s - a +5 dire flail
 w - a +5 eveningstar of holy wrath (weapon)
Missiles
 C - 593 arrows
Armour
 b - a +1 naga barding of stealth (worn)
 l - a +2 pair of gloves (worn)
 p - a +0 helmet (worn)
 J - +10 storm dragon scales (worn) {Bai Suzhen}
 Y - a scarf of cloud immunity (worn)
Magical Staves
 e - an uncursed staff of conjuration
Jewellery
 c - a ring of protection from fire (left hand)
 m - an uncursed ring of resist corrosion
 H - an uncursed amulet of rage {unknown}
 M - a ring of protection from cold (right hand)
 U - an uncursed ring of flight
 W - an amulet of the gourmand (around neck)
Wands
 a - a wand of scattershot (2)
 g - a wand of digging (12)
 j - a wand of clouds (14)
 F - a wand of iceblast (30)
 L - a wand of disintegration (17)
 O - a wand of paralysis (73)
 T - a wand of acid (25)
Scrolls
 f - 5 scrolls of teleportation
 h - 4 scrolls of blinking
 i - 3 scrolls of summoning
 n - 2 scrolls of enchant armour
 r - 10 scrolls of identify
 u - 3 scrolls of fear
 z - 9 scrolls of magic mapping
 D - 11 scrolls of remove curse
 G - 4 scrolls of fog
 P - a scroll of vulnerability
Potions
 d - 3 potions of mutation
 k - 3 potions of heal wounds
 o - a potion of brilliance
 t - 6 potions of curing
 v - 3 potions of magic
 x - 5 potions of ambrosia
 A - 5 potions of might
 E - 2 potions of agility
 K - 3 potions of resistance
 N - a potion of cancellation
 V - 3 potions of haste
Miscellaneous
 y - a fan of gales
 Z - a lightning rod (4/4)
Comestibles
 B - 49 rations
 I - 6 chunks of flesh


   Skills:
 - Level 12.0 Fighting
   Level 4.0 Long Blades
   Level 10.6(13.0) Axes
 * Level 12.4(13.8) Maces & Flails
 - Level 14.1 Bows
 + Level 14.8 Armour
 - Level 5.0 Dodging
 - Level 10.0 Stealth
 - Level 8.0 Spellcasting
 - Level 7.4 Conjurations
 - Level 5.0 Hexes
 - Level 5.0 Charms
   Level 1.0 Summonings
 - Level 8.0 Necromancy
 - Level 5.0 Translocations
 - Level 5.0 Air Magic
 - Level 6.0 Poison Magic
 - Level 8.0 Invocations
 - Level 8.5 Evocations


You had 25 spell levels left.
You knew the following spells:

 Your Spells              Type           Power        Failure   Level  Hunger
b - Blink                 Tloc           N/A          1%          2    None
c - Portal Projectile     Hex/Tloc       ######       2%          3    None
s - Mephitic Cloud        Conj/Pois/Air  ######..     1%          3    None
x - Regeneration          Chrm/Necr      ######....   1%          3    None


Dungeon Overview and Level Annotations

Branches:
Dungeon (15/15)            Temple (1/1) D:6            Lair (6/6) D:11
  Swamp (4/4) Lair:2       Spider (4/4) Lair:3        Slime (0/5) Lair:6
    Orc (2/2) D:10            Elf (0/3) Orc:2        Vaults (4/5) D:14
  Crypt (0/3) Vaults:2     Depths (0/5) D:15

Altars:
Ashenzari
Cheibriados
Dithmenos
Elyvilon
Fedhas
Gozag
Hepliaklqana
Kikubaaqudgha
Makhleb
Nemelex Xobeh
Okawaru
Qazlal
Ru
Sif Muna
Trog
Uskayaw
Vehumet
Wu Jian
Xom
Yredelemnul
Zin
The Shining One

Shops:
D:4 !   D:5 *}!(   D:7 =   D:9 }   D:15 }   Orc:1 :   Orc:2 (=[*   Vaults:2 (
Vaults:3 [!   Vaults:4 *

Portals:
Trove: D:12 (give 7 potions of haste)

Annotations:
D:11 Storm dragon, need DIG
D:12 1 transporter
Vaults:1 varam's ghost, adept GnWn


Innate Abilities, Weirdness & Mutations

You cannot wear boots.
Your serpentine skin is tough. (AC +7)
You have supernaturally acute eyesight. (SInv)
Armour fits poorly on your strangely shaped body.
Your system is resistant to poisons. (rPois)
You cover ground very slowly.
You have a slow metabolism.
You can spit poison.
You can use your snake-like lower body to constrict enemies.
You are agile. (Dex +2)
Your flesh is cold resistant. (rC+)


Message History

The centaur warrior hits you but does no damage.
The Ice Fiend gestures at you. The bolt of cold hits you! You resist.
* * * LOW HITPOINT WARNING * * *
The centaur warrior hits you.
* * * LOW HITPOINT WARNING * * *
The reaper hits you from afar with a scythe of flaming.
* * * LOW HITPOINT WARNING * * *
The ironheart preserver gestures wildly while chanting.
The ironheart preserver begins to accept its allies' injuries.
The centaur warrior hits you but does no damage.
The deep elf knight hits you with a long sword.
* * * LOW HITPOINT WARNING * * *
The centaur wields a shortbow.
The centaur shoots an arrow.
The arrow hits you but does no damage.
The Ice Fiend claws you but does no damage.
The Ice Fiend claws you!
* * * LOW HITPOINT WARNING * * *
The Ice Fiend freezes you! You resist.
You die...

#'2## #p..# #...#
#4..# #p43# #2e.##
#######1ec+#######
#......@..#......#
#.......c.#......#
+.........#......+
######+####...####
.....# ......#
#....pcc#
#...##### #...


You could see an ironheart preserver, an Ice Fiend, a death knight, a reaper, a
centaur warrior, a deep elf demonologist, a deep elf knight, a rust devil, a
sixfirhy, a tormentor, a chaos spawn and a centaur.

Vanquished Creatures
  Bai Suzhen (Spider:3)
  Nikola (Swamp:2)
  A bone dragon (Vaults:2)
  Jorgrun (Swamp:4)
  Agnes (Spider:1)
  A sphinx (D:11)
  Kirke (Spider:3)
  3 thorn hunters (Swamp:4)
  A storm dragon (D:11)
  A shadow dragon (Vaults:4)
  5 vault wardens
  6 ghost moths
  6 emperor scorpions (Spider:4)
  Aizul (Vaults:3)
  6 ironheart preservers
  An orc warlord (Orc:2)
  3 stone giants
  2 war gargoyles
  5 very ugly things
  2 entropy weavers
  Nessos (Lair:4)
  A deep elf demonologist (Vaults:4)
  A deep elf annihilator (Vaults:3)
  A minotaur (Lab)
  The ghost of melvinkitnick the Severer, a journeyman MiFi of Makhleb (D:12)
  2 ettins
  A deep elf death mage (Vaults:4)
  The ghost of Dargar the Basher, a journeyman GrFi of the Shining One (D:14)
  A fire dragon (Vaults:2)
  Snorg (D:10)
  7 yaktaur captains
  4 ice dragons
  A rakshasa (Vaults:3)
  2 great orbs of eyes
  8 vault guards
  26 hydras
  10 centaur warriors
  3 catoblepae
  2 ghost crabs (Swamp:4)
  2 deep troll shamans (Vaults:2)
  5 ogre magi
  2 dancing weapons (D:14)
  2 deep troll earth magi
  14 two-headed ogres
  8 alligators
  A death knight (Vaults:3)
  A vampire mage (D:15)
  3 orc high priests (Orc:2)
  12 death yaks
  Urug (Lair:3)
  The ghost of Demitroll the Martial Artist, a novice GnTm of Vehumet (D:10)
  A spriggan berserker (Swamp:4)
  5 deep elf knights
  12 skeletal warriors
  13 swamp dragons
  4 deep trolls
  A flayed ghost (Vaults:3)
  3 unseen horrors
  2 wizards (Vaults:1)
  5 shambling mangroves
  3 glowing orange brains
  13 ironbrand convokers
  3 lindwurms
  10 harpies
  10 deep elf archers
  13 orc knights
  5 oklob plants (Lair:4)
  2 necromancers
  A frost giant zombie (D:15)
  6 orc sorcerers
  12 orb spiders
  20 deep elf magi
  2 manticores
  A salamander (shapeshifter) (Vaults:2)
  33 ugly things
  A shadow dragon skeleton (Vaults:4)
  2 moths of wrath
  A tengu skeleton (Vaults:4)
  5 cyclopes
  2 toenail golems (Volcano)
  7 elephants (Lair:5)
  23 wolf spiders
  A stone giant skeleton (D:15)
  11 vault sentinels
  2 black mambas
  4 centaur zombies
  34 spiny frogs
  3 molten gargoyles (Volcano)
  A torpor snail (Spider:1)
  An elf zombie (D:15)
  2 gargoyles
  2 kobold demonologists
  7 komodo dragons
  A rime drake (Lair:4)
  5 efreet
  5 freezing wraiths
  18 yaktaurs
  A rime drake (shapeshifter) (Vaults:3)
  9 demonic crawlers
  A guardian mummy (D:15)
  3 meliai (D:13)
  7 trolls
  16 jumping spiders
  16 tyrant leeches
  A polar bear (Vaults:2)
  Prince Ribbit (D:7)
  11 bog bodies
  38 slime creatures
  17 hornets
  17 blink frogs
  A centaur simulacrum (D:14)
  9 hippogriffs
  A water elemental (D:13)
  A shadow (D:14)
  Sigmund (D:5)
  16 tarantellas
  5 wyverns
  A wraith (Vaults:1)
  A hog (shapeshifter) (Vaults:1)
  41 redbacks
  5 spriggans
  A basilisk (Lair:5)
  2 hogs (Spider:3)
  A tarantella (shapeshifter) (D:14)
  57 yaks
  A human (D:10)
  33 vampire mosquitoes
  3 hungry ghosts
  5 fire elementals (Volcano)
  4 wargs
  A deep troll zombie (Vaults:4)
  2 elf skeletons
  19 swamp worms
  A soldier ant (D:14)
  An acid dragon (D:13)
  18 insubstantial wisps
  8 water moccasins
  18 swamp drakes
  3 porcupines
  9 ice beasts
  2 sky beasts (D:10)
  41 orc warriors
  A black bear (shapeshifter) (Vaults:1)
  4 phantoms
  A black bear (D:6)
  An eye of draining (D:15)
  2 necrophages
  19 ogres
  4 boggarts (Vaults:3)
  23 centaurs
  A wolf (Vaults:2)
  9 crocodiles
  Blork the orc (D:5)
  A human skeleton (Vaults:4)
  34 bullfrogs
  9 big kobolds
  A deep troll simulacrum (Vaults:2)
  2 earth elementals
  A wyvern skeleton (D:10)
  7 scorpions
  5 killer bees (D:9)
  A troll skeleton (Lab)
  A howler monkey (D:8)
  13 crimson imps
  13 electric eels
  2 quasits
  7 hounds
  20 jellies
  24 orc priests
  2 bullfrog skeletons
  24 orc wizards
  5 centaur skeletons
  Terence (D:1)
  6 iguanas
  16 worker ants
  A hound zombie (D:8)
  A hound skeleton (D:6)
  Robin (D:2)
  18 gnolls
  A howler monkey skeleton (D:8)
  13 adders
  4 shadow imps
  An ooze (Lair:6)
  An adder skeleton (D:4)
  3 worms
  2 dart slugs
  3 leopard geckos
  108 orcs
  2 ball pythons
  9 giant cockroaches
  12 goblins
  9 hobgoblins
  8 jackals
  9 quokkas
  8 bats
  5 frilled lizards
  A giant cockroach zombie (D:6)
  26 kobolds
  A leopard gecko skeleton (D:4)
  A leopard gecko zombie (D:9)
  2 quokka skeletons
  7 rats
  3 plants
  2 withered plants (D:15)
1466 creatures vanquished.

Vanquished Creatures (collateral kills)
  A redback (Spider:2)
1 creature vanquished.

Vanquished Creatures (others)
  A demonic crawler (Spider:2)
  A blink frog (Swamp:4)
  A tarantella (Spider:2)
  A human (Spider:3)
  2 swamp drakes (Swamp:4)
  A centaur (Vaults:4)
  An orc wizard (Orc:2)
  A goblin (D:2)
  2 fire vortices (Volcano)
  10 fungi
  73 plants
94 creatures vanquished.

Grand Total: 1561 creatures vanquished

Notes
Turn   | Place    | Note
-------+----------+-------------------------------------------
     0 | D:1      | GameOver the Naga Wizard began the quest for the Orb.
     0 | D:1      | Reached XP level 1. HP: 15/15 MP: 4/4
   201 | D:1      | Reached XP level 2. HP: 22/22 MP: 6/6
   552 | D:2      | Reached XP level 3. HP: 28/28 MP: 3/7
   556 | D:2      | Learned a level 2 spell: Blink
   560 | D:2      | Learned a level 3 spell: Mephitic Cloud
   571 | D:2      | Noticed Terence
   583 | D:2      | Noticed Robin
   633 | D:1      | Killed Terence
   633 | D:1      | Reached skill level 1 in Poison Magic
   707 | D:2      | Found a sacrificial altar of Ru.
   723 | D:2      | Reached XP level 4. HP: 27/36 MP: 0/8
  1007 | D:2      | Found a glowing golden altar of the Shining One.
  1069 | D:2      | Killed Robin
  1077 | D:2      | Reached XP level 5. HP: 42/42 MP: 3/9
  1550 | D:3      | Gained mutation: Your flesh is cold resistant. (rC+) [potion of mutation]
  1550 | D:3      | Gained mutation: You are agile. (Dex +2) [potion of mutation]
  1550 | D:3      | HP: 1/42 [gnoll/flail (4)]
  1637 | D:3      | Found an ornate altar of the Wu Jian Council.
  1638 | D:3      | Found a snail-covered altar of Cheibriados.
  1638 | D:3      | Found a shattered altar of Ashenzari.
  1639 | D:3      | Found a blossoming altar of Fedhas.
  1749 | D:3      | Reached XP level 6. HP: 33/49 MP: 8/10
  1790 | D:3      | Became a worshipper of Cheibriados the Contemplative
  2192 | D:4      | Found Kixelewk's Distillery.
  2218 | D:4      | Bought a potion of heal wounds for 55 gold pieces
  2284 | D:4      | Reached skill level 5 in Conjurations
  2372 | D:4      | Found a shimmering altar of Xom.
  2380 | D:4      | Found a hazy altar of Hepliaklqana.
  2380 | D:4      | Noticed a torpor snail
  2381 | D:4      | Noticed a torpor snail
  2381 | D:4      | Noticed a spectral ugly thing
  2718 | D:4      | Reached XP level 7. HP: 55/55 MP: 5/11
  2754 | D:4      | Reached * piety under Cheibriados
  2994 | D:4      | Reached skill level 5 in Poison Magic
  2994 | D:4      | Reached skill level 1 in Invocations
  3079 | D:5      | Entered Level 5 of the Dungeon
  3120 | D:5      | Found Poveramy's Distillery.
  3124 | D:5      | Found Ponn's Weapon Emporium.
  3187 | D:5      | Noticed Blork the orc
  3194 | D:5      | Killed Blork the orc
  3287 | D:5      | Reached XP level 8. HP: 54/61 MP: 8/12
  3475 | D:5      | Noticed Sigmund
  3485 | D:5      | Killed Sigmund
  3525 | D:5      | Found Fasu's Gadget Shoppe.
  3559 | D:5      | Found Atowef's Assorted Antiques.
  3562 | D:5      | Bought a scroll labeled TOGYHE LADDODE for 30 gold pieces
  3859 | D:6      | Reached skill level 5 in Stealth
  3866 | D:6      | Reached ** piety under Cheibriados
  3881 | D:6      | Found a staircase to the Ecumenical Temple.
  4005 | Temple   | Entered the Ecumenical Temple
  4338 | D:6      | Reached skill level 1 in Long Blades
  4491 | D:6      | Noticed a dagger
  4493 | D:6      | Noticed a hand axe
  4496 | D:6      | Found a hide-covered altar of Uskayaw.
  4551 | D:6      | Reached XP level 9. HP: 58/67 MP: 9/13
  4774 | D:7      | Reached skill level 5 in Invocations
  4799 | D:7      | Found a stormy altar of Qazlal.
  4843 | D:7      | Reached *** piety under Cheibriados
  4964 | D:7      | Noticed Prince Ribbit
  4977 | D:7      | Killed Prince Ribbit
  4998 | D:7      | Found Kimeur's Jewellery Shoppe.
  5125 | D:7      | You fall through a shaft for 3 floors!
  5125 | D:10     | Entered Level 10 of the Dungeon
  5126 | D:10     | Noticed Demitroll's ghost (novice GnTm)
  5142 | D:10     | Noticed a hornet
  5161 | D:9      | Learned a level 3 spell: Regeneration
  5259 | D:9      | Found a shadowy altar of Dithmenos.
  5305 | D:8      | Reached skill level 1 in Necromancy
  5313 | D:8      | Reached skill level 1 in Charms
  5335 | D:8      | Reached skill level 1 in Armour
  5350 | D:8      | Reached **** piety under Cheibriados
  5437 | D:8      | Reached skill level 5 in Dodging
  5749 | D:7      | Noticed an unseen horror
  5754 | D:7      | Killed an unseen horror
  5754 | D:7      | Reached XP level 10. HP: 47/75 MP: 10/14
  6148 | D:4      | Bought a potion of might for 44 gold pieces
  6148 | D:4      | Bought a potion of resistance for 110 gold pieces
  6205 | D:5      | Bought a +2 broad axe of electrocution for 220 gold pieces
  6473 | D:8      | Reached skill level 10 in Axes
  6473 | D:8      | Reached XP level 11. HP: 81/81 MP: 16/16
  6555 | D:8      | Reached ***** piety under Cheibriados
  6872 | D:8      | Found a deep blue altar of Sif Muna.
  6897 | D:8      | Noticed a two-headed ogre
  6925 | D:8      | Killed a two-headed ogre
  7136 | D:9      | Found Zatteg's Gadget Shop.
  7696 | D:10     | Noticed Snorg
  7752 | D:10     | Killed Demitroll's ghost
  7760 | D:10     | Killed Snorg
  8132 | D:10     | Reached XP level 12. HP: 83/88 MP: 9/17
  8141 | D:10     | Reached ****** piety under Cheibriados
  8244 | D:10     | Reached skill level 5 in Necromancy
  8474 | D:10     | Found a staircase to the Orcish Mines.
  8479 | D:10     | Reached skill level 5 in Charms
  8656 | D:10     | Found a stormy altar of Qazlal.
  8848 | D:10     | Reached skill level 1 in Fighting
  8887 | D:11     | Noticed a soul eater
  9051 | D:11     | Noticed a two-headed ogre
  9056 | D:11     | Killed a two-headed ogre
  9111 | D:11     | Found a staircase to the Lair.
  9153 | D:11     | Reached skill level 5 in Armour
  9347 | D:11     | Found a blossoming altar of Fedhas.
  9347 | D:11     | Found a snail-covered altar of Cheibriados.
  9348 | D:11     | Noticed a two-headed ogre
  9353 | D:11     | Noticed a storm dragon
  9369 | D:11     | Killed a two-headed ogre
  9381 | D:11     | Noticed a sphinx
  9398 | D:11     | Killed a sphinx
  9398 | D:11     | Reached skill level 5 in Spellcasting
  9401 | D:11     | Killed a storm dragon
  9717 | Orc:1    | Entered Level 1 of the Orcish Mines
  9725 | Orc:1    | Noticed an ettin
  9759 | D:10     | Killed an ettin
  9791 | Orc:1    | Reached skill level 5 in Fighting
  9823 | Orc:1    | Noticed a sun demon
  9823 | Orc:1    | Gained mutation: You can use your snake-like lower body to constrict enemies. [Naga growth]
  9823 | Orc:1    | Reached XP level 13. HP: 42/109 MP: 4/21
  9919 | Orc:1    | Found Siphom's Book Emporium.
 10243 | Orc:2    | Entered Level 2 of the Orcish Mines
 10309 | Orc:2    | Found a labyrinth entrance.
 10318 | Lab      | Entered a labyrinth
 10579 | Lab      | Noticed a minotaur
 10601 | Lab      | Killed a minotaur
 11069 | Orc:2    | Reached skill level 1 in Evocations
 11228 | Orc:2    | Noticed an orc warlord
 11250 | Orc:2    | Killed an orc warlord
 11679 | Orc:2    | Reached skill level 5 in Evocations
 11876 | Orc:2    | Found Vovin's General Store.
 11877 | Orc:2    | Found Ekhotim's Jewellery Shop.
 11878 | Orc:2    | Found Ywom's Antique Armour Shop.
 11878 | Orc:2    | Found Gazxoex's Antique Weapon Boutique.
 11948 | Orc:2    | Found a staircase to the Elven Halls.
 12109 | Lair:1   | Entered Level 1 of the Lair of Beasts
 13114 | Lair:2   | Reached skill level 1 in Air Magic
 13443 | Lair:2   | Found a staircase to the Swamp.
 13691 | Lair:3   | Reached XP level 14. HP: 91/123 MP: 23/23
 13701 | Lair:3   | Found a dark tunnel.
 13710 | Volcano  | Entered a volcano
 14232 | Lair:3   | Noticed Urug
 14252 | Lair:3   | Killed Urug
 14334 | Lair:3   | Found a hole to the Spider Nest.
 15383 | Lair:4   | Noticed Nessos
 15438 | Lair:4   | Killed Nessos
 15468 | Lair:4   | Reached skill level 5 in Air Magic
 15673 | Lair:4   | Reached skill level 1 in Bows
 16479 | Lair:5   | Reached XP level 15. HP: 132/132 MP: 22/24
 16810 | Lair:6   | Entered Level 6 of the Lair of Beasts
 16937 | Lair:6   | Found a staircase to the Slime Pits.
 16953 | Lair:6   | Reached skill level 5 in Bows
 16967 | Lair:6   | HP: 3/132 [four-headed hydra (9)]
 17327 | Lair:6   | Got a spiked leather armour
 17338 | Lair:6   | Identified the +6 leather armour of Yloavobi {rC- Regen+ Str+8 Dex+5} (You found it on level 6 of the Lair of Beasts)
 17479 | Lair:6   | Reached skill level 10 in Armour
 17675 | Lair:6   | Got a dazzling whip
 17676 | Lair:6   | Identified the +7 whip "Nerchoujo" {slash, rN+ Str+6} (You found it on level 6 of the Lair of Beasts)
 18247 | D:12     | Noticed melvinkitnick's ghost (journeyman MiFi)
 18258 | D:12     | Killed melvinkitnick's ghost
 18673 | D:12     | Found a portal to a secret trove of treasure.
 19410 | D:12     | Found a sparkling altar of Nemelex Xobeh.
 19410 | D:12     | Found a transporter.
 19410 | D:12     | Noticed a tengu reaver
 19717 | D:13     | Reached skill level 1 in Maces & Flails
 19770 | D:13     | Reached skill level 10 in Bows
 19829 | D:13     | Reached XP level 16. HP: 25/140 MP: 18/25
 20012 | D:13     | Got a translucent trident
 20013 | D:13     | Identified the +5 trident of the Depths {flame, Dex+4} (You found it on level 13 of the Dungeon)
 20470 | D:14     | Found an opulent altar of Gozag.
 20542 | D:14     | Noticed Dargar's ghost (journeyman GrFi)
 20578 | D:14     | Killed Dargar's ghost
 21038 | D:14     | Found a gate to the Vaults.
 21055 | D:14     | Identified a scroll of acquirement
 21284 | D:15     | Entered Level 15 of the Dungeon
 21485 | D:15     | Found a staircase to the Depths.
 21552 | D:15     | Found Ylerhasa's Gadget Shop.
 21648 | D:15     | Reached skill level 5 in Maces & Flails
 22517 | D:5      | Bought a potion of curing for 42 gold pieces
 22517 | D:5      | Bought a potion of ambrosia for 112 gold pieces
 22517 | D:5      | Bought a potion of mutation for 112 gold pieces
 22517 | D:5      | Bought 2 potions of might for 112 gold pieces
 22517 | D:5      | Bought a potion of curing for 42 gold pieces
 22517 | D:5      | Bought a potion of haste for 140 gold pieces
 22579 | D:4      | Bought a potion of curing for 33 gold pieces
 22579 | D:4      | Bought a potion of heal wounds for 55 gold pieces
 22579 | D:4      | Bought a potion of curing for 33 gold pieces
 22608 | D:5      | Bought a wand of digging (12) for 320 gold pieces
 22850 | Spider:1 | Entered Level 1 of the Spider Nest
 22875 | Spider:1 | Learned a level 3 spell: Portal Projectile
 23030 | Spider:1 | Got a bloodstained ring mail
 23041 | Spider:1 | Identified the cursed +1 ring mail of the Evening {rCorr Dex+4 Stlth-} (You found it on level 1 of the Spider Nest)
 23285 | Spider:1 | Noticed Agnes
 23326 | Spider:1 | Killed Agnes
 23326 | Spider:1 | Reached skill level 1 in Hexes
 24275 | Spider:2 | Reached skill level 5 in Translocations
 24281 | Spider:2 | Reached XP level 17. HP: 105/146 MP: 20/26
 24902 | Spider:3 | Noticed Kirke
 24916 | Spider:3 | Noticed a sphinx
 24916 | Spider:3 | Killed Kirke
 25304 | Spider:3 | Noticed Bai Suzhen
 25328 | Spider:3 | Killed Bai Suzhen
 25588 | Spider:4 | Entered Level 4 of the Spider Nest
 25589 | Spider:4 | Paralysed by a hornet for 2 turns
 26145 | Spider:4 | Reached skill level 10 in Stealth
 26210 | Spider:4 | Got a gossamer rune of Zot
 26266 | Spider:4 | Reached skill level 5 in Hexes
 26673 | Swamp:1  | Entered Level 1 of the Swamp
 27511 | Swamp:2  | Reached XP level 18. HP: 154/154 MP: 27/27
 27600 | Swamp:2  | Noticed Nikola
 27611 | Swamp:2  | Killed Nikola
 29080 | Swamp:4  | Entered Level 4 of the Swamp
 29613 | Swamp:4  | Noticed Jorgrun
 29624 | Swamp:4  | Killed Jorgrun
 29685 | Swamp:4  | Got a decaying rune of Zot
 30292 | Vaults:1 | Entered Level 1 of the Vaults
 30328 | Vaults:1 | Reached XP level 19. HP: 147/165 MP: 22/30
 30377 | Vaults:1 | Noticed varam's ghost (adept GnWn)
 30823 | Vaults:1 | Got a smoking glass ring
 30825 | Vaults:1 | Identified the ring "Ceomomouw" {+Blink rElec AC+1 Str+2 Dex-4} (You found it on level 1 of the Vaults)
 30994 | Vaults:1 | Reached skill level 10 in Fighting
 32314 | Vaults:2 | Found Kegaush's Weapon Boutique.
 32626 | Vaults:2 | Noticed a bone dragon
 32643 | Vaults:2 | Killed a bone dragon
 32646 | Vaults:2 | Found a staircase to the Crypt.
 32810 | Vaults:2 | Upgraded the game from 0.22-a0-398-g8bb545f to 0.22-a0-402-ga933591
 33120 | Vaults:1 | Reached XP level 20. HP: 178/178 MP: 24/32
 34217 | Vaults:3 | Found a white marble altar of Elyvilon.
 34508 | Vaults:3 | HP: 7/181 [yaktaur/bolt (8)]
 34517 | Vaults:3 | Noticed Aizul
 34542 | Vaults:3 | Reached skill level 10 in Maces & Flails
 35427 | Vaults:3 | Killed Aizul
 35496 | Vaults:3 | Found Niciluig's Distillery.
 35501 | Vaults:3 | Bought a potion of mutation for 128 gold pieces
 35501 | Vaults:3 | Bought a potion of magic for 128 gold pieces
 35501 | Vaults:3 | Bought a potion of haste for 160 gold pieces
 35501 | Vaults:3 | Bought a potion of mutation for 128 gold pieces
 35501 | Vaults:3 | Bought a potion of magic for 128 gold pieces
 35501 | Vaults:3 | Bought a potion of magic for 128 gold pieces
 35501 | Vaults:3 | Bought a potion of heal wounds for 80 gold pieces
 35501 | Vaults:3 | Bought a potion of curing for 48 gold pieces
 35647 | Vaults:3 | Found Yhuar's Armour Shop.
 36851 | Vaults:4 | Found Cez Dio's General Store.
 36884 | Vaults:4 | Bought a scroll of enchant armour for 135 gold pieces
 37078 | Vaults:4 | Got a fine arbalest {freeze}
 37079 | Vaults:4 | Identified the cursed +1 arbalest of the Sugar Beet {freeze, *Slow rElec Dex+2} (You took it off a yaktaur captain on level 4 of the Vaults)
 37188 | Vaults:4 | Reached XP level 21. HP: 181/190 MP: 33/33
 37256 | Vaults:4 | HP: 2/190 [Ice Fiend[an ironheart preserver] (9)]
 37256 | Vaults:4 | Mangled by an Ice Fiend

Vault maps used:
D:1:      dpeg_arrival_fog
D:2:      tso_altar, old_standard_altar, first_ration, uniq_robin, uniq_terence
D:3:      chequers_temple_overflow_statue_of_worship, patterned_corridor
D:4:      regret_index_temple_of_mockery, serial_shops, shop,
          minmay_misc_feat_five, serial_park_tiny_pond, st_stairs_10
D:5:      serial_shops, shop, nicolae_shop_trees, shop, shop,
          minmay_statues_item, uniq_sigmund, uniq_blork_the_orc
D:6:      dancing_weapons_uskayaw, temple_doors_e
D:7:      kennysheep_mini, serial_shops, shop_coins, uniq_prince_ribbit1
D:8:      basic_altar
D:9:      old_standard_altar, serial_shops, nicolae_shop_crystal
D:10:     erik_orc_2, basic_altar, hangedman_stone_soup, uniq_snorg
D:11:     david_lair_shrubbed, jmf_multi_god_temple
D:12:     enter_trove_3, grunt_nemelex_the_gamble
D:13:     due_unseen_surprise
D:14:     erik_vaults_1, basic_altar, corexii_leaking_fountain
D:15:     gammafunk_depths_entry_grave, minmay_tree_intersection, serial_shops,
          shop
Temple:   minmay_temple_curvy_loop
Lair:2:   nicolae_swamp_entry_splash_gauntlet
Lair:3:   dummy_spider_entry, enter_volcano_2, uniq_urug
Lair:4:   beast_lair_carwin_large_1, minmay_lair_oklob_chamber, uniq_nessos
Lair:5:   serial_bayou_shore_a, grunt_megastairs_5, lemuel_fruit_tree,
          infiniplex_staircase_pool_2
Lair:6:   minmay_lair_end_frog_pond, minmay_slime_entry_jelly_boxes
Swamp:1:  evilmike_swamp_ruin_house_6
Swamp:2:  evilmike_swamp_ruin_rubble_1, swamp_pool4, infiniplex_staircase_pool,
          uniq_nikola
Swamp:3:  evilmike_swamp_ruin_house_1
Swamp:4:  swamp_basic_johnstein, uniq_jorgrun
Spider:1: uniq_agnes
Spider:3: uniq_kirke, uniq_bai_suzhen
Spider:4: grunt_spider_rune_circles
Orc:1:    serial_shops, shop_statue
Orc:2:    st_orc_congregation, lab_entry_generic
Vaults:1: v_rooms_5, hangedman_vaults_trim, v_alt_pattern_3,
          nicolae_vaults_network_periphery, grunt_vaults_twisty,
          nicolae_vaults_hallways_thing, hangedman_vaults_pinch,
          nicolae_vaults_windows_and_doors_thing, ontoclasm_vaults_misaligned,
          vaults_room_guarded_vault, v_misc_14, vaults_dpeg_hooks,
          vaults_room_pools, ontoclasm_vaults_ring_square, v_misc_23,
          nicolae_vaults_diagonal_hallway_7
Vaults:2: nicolae_vaults_triangles, vaults_room_grid,
          nicolae_vaults_stairing_the_circle, v_alt_pattern_2, v_misc_32,
          ontoclasm_vaults_ring_small, serial_ice_h,
          minmay_crypt_entry_nasty_monster, vaults_room_corners,
          vaults_dpeg_cross, vaults_room_door_ring, vaults_room_corners,
          ontoclasm_vaults_decontamination, serial_shops, shop
Vaults:3: vaults_room_semicircle, vaults_room_pools, hangedman_vaults_impose,
          nicolae_vaults_little_squares_4, hangedman_vaults_locks,
          nicolae_vaults_little_squares_3, hangedman_vaults_corner_blocks,
          nicolae_vaults_rhombus_5, vaults_room_pool, serial_shops,
          nicolae_shop_window_shopping, shop, basic_altar, uniq_aizul
Vaults:4: st_squares, v_alt_pattern_1, vaults_dpeg_diagonal,
          hangedman_vaults_nodes, vaults_room_octagon, dpeg_vaults_monster_row,
          hangedman_vaults_variations, ontoclasm_vaults_idyll, v_misc_9,
          grunt_vaults_diagonal, hangedman_vaults_river_flow,
          nicolae_vaults_ninety_degrees, nicolae_vaults_asterisk,
          ontoclasm_vaults_twist, serial_shops, nicolae_shop_stone
Lab:      nicolae_lab_big_swirl, nicolae_lab_quarters
Volcano:  volcano_aerie

Skill      XL: |  1  2  3  4  5  6  7  8  9 10 11 12 13 14 15 16 17 18 19 20 |
---------------+-------------------------------------------------------------+-----
Conjurations   | 2 3 4 5 6 7 |  7.4
Stealth        | 4 5 7 10 | 10.0
Poison Magic   | 1 2 3 4 6 |  6.0
Invocations    | 2 4 6 7 8 |  8.0
Dodging        | 2 3 5 |  5.0
Translocations | 3 4 5 |  5.0
Long Blades    | 1 4 |  4.0
Necromancy     | 3 4 5 7 8 |  8.0
Charms         | 2 3 4 5 |  5.0
Armour         | 2 4 6 8 9 10 11 12 13 14 | 14.8
Axes           | 10 | 10.6
Fighting       | 5 7 8 9 10 12 | 12.0
Spellcasting   | 5 6 7 8 |  8.0
Evocations     | 6 8 |  8.5
Air Magic      | 2 5 |  5.0
Bows           | 4 10 12 13 14 | 14.1
Maces & Flails | 1 6 8 12 | 12.4
Hexes          | 2 5 |  5.0
Summonings     | |  1.0

Action                   |  1- 3 |  4- 6 |  7- 9 | 10-12 | 13-15 | 16-18 | 19-21 || total
-------------------------+-------+-------+-------+-------+-------+-------+-------++-------
Melee: Whip              |    21 |       |       |       |       |   238 |    36 ||   295
       Flail             |       |    38 |       |       |       |       |       ||    38
       Spear             |       |    36 |    17 |       |       |       |       ||    53
       Dagger            |       |       |    16 |     4 |     1 |       |       ||    21
       Long sword        |       |       |   119 |    20 |       |       |       ||   139
       Broad axe         |       |       |       |   192 |   516 |     7 |       ||   715
       Battleaxe         |       |       |       |    14 |    26 |       |       ||    40
       Constrict         |       |       |       |       |   129 |    36 |    61 ||   226
       Eveningstar       |       |       |       |       |       |       |   261 ||   261
       Dire flail        |       |       |       |       |       |       |    13 ||    13
 Fire: Shortbow          |       |       |    49 |   231 |   289 |       |       ||   569
       Longbow           |       |       |       |       |   282 |  1222 |   916 ||  2420
Throw: Javelin           |       |       |       |     3 |     2 |       |       ||     5
 Cast: Magic Dart        |    27 |    99 |   135 |    35 |     2 |       |       ||   298
       Mephitic Cloud    |       |     4 |    17 |    30 |    18 |    27 |     7 ||   103
       Blink             |       |       |     2 |     9 |    26 |    57 |    36 ||   130
       Regeneration      |       |       |     1 |    17 |    90 |    64 |    73 ||   245
       Portal Projectile |       |       |       |       |       |    19 |    33 ||    52
Invok: Bend Time         |       |       |     1 |     3 |       |     4 |       ||     8
       Slouch            |       |       |       |     2 |    10 |    14 |    12 ||    38
       Temporal Distorti |       |       |       |       |       |       |     1 ||     1
 Abil: Spit Poison       |    31 |    68 |    59 |    86 |   102 |    50 |    13 ||   409
Evoke: Wand              |       |       |     2 |     2 |    21 |     4 |    15 ||    44
       Lightning rod     |       |       |       |       |       |     2 |     1 ||     3
       Fan of gales      |       |       |       |       |       |       |     1 ||     1
  Use: Scroll            |     1 |       |     8 |    11 |     9 |    22 |    15 ||    66
       Potion            |     3 |     3 |     4 |     7 |     2 |     4 |     9 ||    32
 Stab: Confused          |       |     3 |    12 |    18 |    11 |     2 |     1 ||    47
       Paralysed         |       |       |     4 |       |       |       |       ||     4
       Sleeping          |       |       |     4 |     3 |     3 |       |     1 ||    11
       Fleeing           |       |       |       |       |     1 |       |       ||     1
       Invisible         |       |       |       |       |       |       |     1 ||     1
  Eat: Chunk             |     1 |    10 |    12 |    17 |    50 |    40 |    23 ||   153
       Ration            |       |       |       |       |     1 |       |       ||     1
Armor: Skin              |    21 |     2 |       |    14 |       |       |       ||    37
       Robe              |       |    26 |    24 |       |       |       |       ||    50
       Leather armour    |       |       |    46 |    13 |    74 |   236 |       ||   369
       Troll leather arm |       |       |       |    46 |   125 |       |       ||   171
       Storm dragon scal |       |       |       |       |       |   736 |   777 ||  1513
Dodge: Dodged            |     8 |    68 |   138 |   130 |   371 |   534 |   282 ||  1531
       Rpst.: Long sword |       |       |    25 |     2 |       |       |       ||    27

Table legend:
 A = Spawn XP
 B = Non-spawn XP
 C = Spawn XP percentage of total XP
 D = Spawn monster count
 E = Non-spawn monster count
 F = Spawn count percentage of total count
 G = Total turns spent on level
                    A         B        C        D         E        F      G
               +---------+---------+-------+---------+---------+-------+---------
         Total |       0 |  498109 |   0.0 |       0 |    1467 |   0.0 | 37256
               +---------+---------+-------+---------+---------+-------+---------
           D:1 |       0 |      63 |   0.0 |       0 |      16 |   0.0 |   612
           D:2 |       0 |     121 |   0.0 |       0 |      35 |   0.0 |   701
           D:3 |       0 |     162 |   0.0 |       0 |      26 |   0.0 |   929
           D:4 |       0 |     531 |   0.0 |       0 |      25 |   0.0 |   950
           D:5 |       0 |     649 |   0.0 |       0 |      13 |   0.0 |   874
           D:6 |       0 |    1084 |   0.0 |       0 |      23 |   0.0 |   828
           D:7 |       0 |    1625 |   0.0 |       0 |      28 |   0.0 |  1094
           D:8 |       0 |    2208 |   0.0 |       0 |      35 |   0.0 |   998
           D:9 |       0 |    2810 |   0.0 |       0 |      32 |   0.0 |   853
          D:10 |       0 |    6243 |   0.0 |       0 |      44 |   0.0 |  1368
          D:11 |       0 |    9744 |   0.0 |       0 |      37 |   0.0 |   985
          D:12 |       0 |    7337 |   0.0 |       0 |      42 |   0.0 |  1370
          D:13 |       0 |    8646 |   0.0 |       0 |      31 |   0.0 |   944
          D:14 |       0 |   13159 |   0.0 |       0 |      55 |   0.0 |   889
          D:15 |       0 |   12685 |   0.0 |       0 |      35 |   0.0 |  1007
        Lair:1 |       0 |    3838 |   0.0 |       0 |      17 |   0.0 |   852
        Lair:2 |       0 |    3145 |   0.0 |       0 |      16 |   0.0 |   915
        Lair:3 |       0 |    6442 |   0.0 |       0 |      22 |   0.0 |  1044
        Lair:4 |       0 |   14497 |   0.0 |       0 |      40 |   0.0 |  1195
        Lair:5 |       0 |    7608 |   0.0 |       0 |      21 |   0.0 |   786
        Lair:6 |       0 |   28913 |   0.0 |       0 |      98 |   0.0 |  1290
       Swamp:1 |       0 |   14095 |   0.0 |       0 |      40 |   0.0 |   797
       Swamp:2 |       0 |   11370 |   0.0 |       0 |      26 |   0.0 |   812
       Swamp:3 |       0 |   13452 |   0.0 |       0 |      45 |   0.0 |   977
       Swamp:4 |       0 |   43718 |   0.0 |       0 |      83 |   0.0 |   824
      Spider:1 |       0 |    7527 |   0.0 |       0 |      17 |   0.0 |  1210
      Spider:2 |       0 |   15357 |   0.0 |       0 |      38 |   0.0 |   965
      Spider:3 |       0 |   13977 |   0.0 |       0 |      25 |   0.0 |   590
      Spider:4 |       0 |   33572 |   0.0 |       0 |      55 |   0.0 |   950
         Orc:1 |       0 |    2002 |   0.0 |       0 |      19 |   0.0 |   485
         Orc:2 |       0 |   12380 |   0.0 |       0 |      83 |   0.0 |  1458
      Vaults:1 |       0 |   54766 |   0.0 |       0 |     101 |   0.0 |  2039
      Vaults:2 |       0 |   42081 |   0.0 |       0 |      62 |   0.0 |  1868
      Vaults:3 |       0 |   52976 |   0.0 |       0 |      92 |   0.0 |  2349
      Vaults:4 |       0 |   42024 |   0.0 |       0 |      70 |   0.0 |   708
           Lab |       0 |    1604 |   0.0 |       0 |       4 |   0.0 |   308
       Volcano |       0 |    5698 |   0.0 |       0 |      16 |   0.0 |   258
               +---------+---------+-------+---------+---------+-------+---------
